 Dungeon Crawl Stone Soup version 0.27.0-66-gdc8fb28755 (webtiles) character file.

Game seed: 1342137389126949799

618 ZARRMARR the Cleaver (level 7, -1/61 HPs)
             Began as a Hill Orc Monk on Aug 21, 2021.
             Was a Believer of Beogh.
             Slain by an orc (7 damage)
             ... on level 3 of the Dungeon.
             The game lasted 00:12:37 (4898 turns).

ZARRMARR the Cleaver (Hill Orc Monk)                Turns: 4898, Time: 00:12:37

Health: -1/61      AC:  3    Str: 16    XL:     7   Next: 45%
Magic:  7/7        EV: 13    Int: 10    God:    Beogh [**....]
Gold:   125        SH:  0    Dex: 13    Spells: 6/6 levels left

rFire    + . .     SeeInvis .   a - +0 hand axe
rCold    . . .     Faith    .   (no shield)
rNeg     . . .     Spirit   .   b - +0 robe
rPois    .         Reflect  .   (no helmet)
rElec    .         Harm     .   s - +0 cloak
rCorr    +         Rampage  .   (no gloves)
Will     .....                  (no boots)
Stlth    ++........             (no amulet)
HPRegen  0.20/turn              j - ring of protection from fire
MPRegen  0.10/turn              m - ring of resist corrosion

@: about to teleport
A: no striking features
a: Renounce Religion, Smiting


You were on level 3 of the Dungeon.
You worshipped Beogh.
Beogh was pleased with you.
You visited 1 branch of the dungeon, and saw 4 of its levels.

You collected 125 gold pieces.

Inventory:

Hand Weapons
 a - a +0 hand axe (weapon)
Missiles
 d - 119 stones
 i - 16 poisoned darts (quivered)
 r - 8 silver boomerangs
Armour
 b - a +0 robe (worn)
 s - a +0 cloak (worn)
Jewellery
 j - a ring of protection from fire (left hand)
 m - a ring of resist corrosion (right hand)
 n - a ring of poison resistance
Scrolls
 c - 3 scrolls of noise {unknown}
 e - a scroll of magic mapping
 f - 2 scrolls of teleportation
 h - a scroll of silence {unknown}
 k - a scroll of torment {unknown}
 l - 2 scrolls of enchant armour {unknown}
 p - a scroll of immolation {unknown}
Potions
 g - 2 potions of degeneration {unknown}
 o - 2 potions of curing {unknown}


   Skills:
 + Level 5.6 Fighting
 + Level 8.2 Axes
 + Level 4.2 Dodging
 - Level 1.5 Stealth


You had 6 spell levels left.
You didn't know any spells.
Your spell library contained the following spells:

 Spells                   Type           Power      Damage    Failure   Level
 Foxfire                  Conj/Fire      0%         2x1d4     36%         1
 Conjure Flame            Conj/Fire      0%         6-21      75%         3
 Inner Flame              Hex/Fire       0%         N/A       75%         3


Dungeon Overview and Level Annotations

Branches:
Dungeon (4/15)
 Temple: D:4-7

Altars:
Yredelemnul

Annotations:
D:4 1 runed translucent door, hawla's ghost, amateur DENe


Message History

The orc priest calls down the wrath of Beogh upon you.
Beogh smites you!
Throw: 19 darts (poison)
Press: ? - help, Q - select action, (/) - cycle Shift-Dir - straight line, f/p - orc priest
Aim: an orc priest, wielding a +0 club and wearing a +0 leather armour (lightly wounded, very poisoned, 59% to hit)
You throw a poisoned dart. The poisoned dart hits the orc priest.
The orc priest is lightly wounded.
Throw: 18 darts (poison)
Press: ? - help, Q - select action, (/) - cycle Shift-Dir - straight line, f/p - orc priest
Aim: an orc priest, wielding a +0 club and wearing a +0 leather armour (heavily wounded, very poisoned, 59% to hit)
You throw a poisoned dart. The poisoned dart hits the orc.
The orc is poisoned.
Unknown command.
You barely miss the orc.
The orc is lightly wounded.
The orc misses you.
You barely miss the orc.
The orc is lightly wounded.
The orc hits you with a +0 dagger.
You slash the orc!
You kill the orc!
Beogh accepts your kill.
The orc priest mumbles some strange prayers to Beogh against you.
Beogh smites you!
Throw: 17 darts (poison)
Press: ? - help, Q - select action, (/) - cycle Shift-Dir - straight line, f/p - orc priest
Aim: an orc priest, wielding a +0 club and wearing a +0 leather armour (severely wounded, very poisoned, 59% to hit)
You throw a poisoned dart. The poisoned dart hits the orc.
The orc is poisoned.
The orc priest mumbles some strange prayers to Beogh against you.
Beogh smites you!
* * * LOW HITPOINT WARNING * * *
As you read the scroll of teleportation, it crumbles to dust.
You feel strangely unstable. The orc hits you with a +0 flail.
* * * LOW HITPOINT WARNING * * *
You hit the orc.
The orc is severely wounded.
The orc barely misses you.
You barely miss the orc.
The orc is severely wounded.
The orc looks more healthy.
The orc hits you with a +0 flail!
You die...

#.. ... #.# #.# ##### #.#
#.... #.# #.#.# #.#
########.#..
#@#.###......#.### #.
#o#............# #
#.###o#####......### #
#.#.(.........†....# #
#......# #.#.#.############.#
# #......+
#<.o#............#.# #
#......####...############.#.#
# +............(..#######
#.#.# #
##......###...o#.#.....# #.#.#
#


You could see an orc priest (poisoned) and an orc.

Vanquished Creatures
  Sigmund (D:3)
  An ogre (D:3)
  2 scorpions (D:4)
  A jelly (D:4)
  A hound (D:4)
  Natasha (twice) (D:3)
  2 orc wizards (D:4)
  3 adders
  A white imp (D:4)
  A dart slug (D:1)
  9 orcs
  3 ball pythons
  5 endoplasms
  3 giant cockroaches
  6 hobgoblins
  4 jackals (D:2)
  6 quokkas
  5 bats
  5 goblins
  6 kobolds
  5 rats
72 creatures vanquished.

Vanquished Creatures (others)
  An orc priest (D:3)
  2 orcs (D:3)
3 creatures vanquished.

Grand Total: 75 creatures vanquished

Notes
Turn   | Place    | Note
-------+----------+-------------------------------------------
     0 | D:1      | ZARRMARR the Hill Orc Monk began the quest for the Orb.
     0 | D:1      | Reached XP level 1. HP: 19/19 MP: 1/1
   213 | D:1      | Reached XP level 2. HP: 26/27 MP: 2/2
   507 | D:1      | Found a faded altar of an unknown god.
  1044 | D:1      | Reached XP level 3. HP: 31/33 MP: 3/3
  1501 | D:2      | Found a basalt altar of Yredelemnul.
  1823 | D:3      | Noticed an ogre
  1847 | D:3      | Killed an ogre
  1848 | D:3      | Reached skill level 5 in Axes
  1848 | D:3      | Reached XP level 4. HP: 33/41 MP: 4/4
  1848 | D:3      | Reached XP level 5. HP: 37/47 MP: 5/5
  2211 | D:3      | Noticed Sigmund
  2241 | D:4      | Noticed hawla's ghost (amateur DENe)
  2260 | D:4      | Reached skill level 6 in Axes
  2400 | D:4      | Found a runed translucent door.
  2750 | D:4      | Reached XP level 6. HP: 34/55 MP: 6/6
  2764 | D:4      | Reached skill level 5 in Fighting
  3422 | D:4      | Reached skill level 7 in Axes
  4049 | D:3      | Noticed Natasha
  4062 | D:3      | Killed Natasha
  4202 | D:3      | Became a worshipper of Beogh the Brigand
  4202 | D:3      | Reached * piety under Beogh
  4202 | D:3      | Reached ** piety under Beogh
  4242 | D:3      | Reached XP level 7. HP: 56/61 MP: 7/7
  4248 | D:3      | Killed Sigmund
  4249 | D:3      | Reached skill level 8 in Axes
  4590 | D:3      | Noticed Natasha
  4602 | D:3      | Killed Natasha
  4898 | D:3      | Slain by an orc

Illustrated notes

Levels and vault maps discovered:
D:1:      saegor_arrival_miasma, layout_basic,
          hellmonk_ecumenical_altar_heavens_door
D:2:      layout_basic, basic_altar, guppyfry_early_lair_pool
D:3:      layout_basic, minmay_quadrilaterals, uniq_natasha, uniq_ijyb,
          uniq_sigmund
D:4:      layout_basic, gammafunk_ghost_grave, supply_closet_lemuel

Skill      XL: |  1  2  3  4  5  6  7 |
---------------+----------------------+-----
Fighting       | 4 5 |  5.6
Axes           | 5 6 7 8 |  8.2
Dodging        | 3 4 |  4.2
Stealth        | |  1.5

Action                   |  1- 3 |  4- 6 |  7- 9 || total
-------------------------+-------+-------+-------++-------
Melee: Hand axe          |    89 |   120 |    30 ||   239
Throw: Stone             |     9 |       |       ||     9
       Dart              |    10 |    41 |    20 ||    71
Invok: Convert to Beogh  |       |     1 |       ||     1
  Use: Scroll            |     1 |       |     3 ||     4
 Stab: Sleeping          |     4 |     2 |       ||     6
Armor: Robe              |    29 |     8 |     2 ||    39
Dodge: Dodged            |    72 |    65 |    12 ||   149
